 Dungeon Crawl Stone Soup version 0.19.0 (webtiles) character file.

243255 AlphabetPasta the Executioner (level 18, -4/175 HPs)
             Began as a Deep Dwarf Berserker on Nov 19, 2016.
             Was a High Priest of Trog.
             Killed from afar by a hellion (25 damage)
             ... with damnation
             ... on level 1 of the Depths on Nov 21, 2016.
             The game lasted 05:05:15 (32627 turns).

AlphabetPasta the Executioner (DDBe)               Turns: 32627, Time: 05:05:17

Health: -4/175     AC: 30    Str: 28    XL:     18   Next: 70%
Magic:  25/25      EV: 17    Int: 12    God:    Trog [*****.]
Gold:   1589       SH: 12    Dex: 14    Spells: 0 memorised, 17 levels left

rFire  + . .     SeeInvis +     a - +10 broad axe of Paper {elec, rC+}
rCold  + . .     Gourm    .     O - +2 plate armour {rF+}
rNeg   + . .     Faith    .     m - +0 shield {reflect}
rPois  +         Spirit   .     A - +2 helmet of Inviolability {MR+ rCorr Int+3}
rElec  +         Reflect  +     J - +2 cloak
rCorr  +         Harm     .     h - +0 pair of gloves
MR     +++..                    x - +0 pair of boots of the Slightly Bent {rElec SInv}
Stlth  ..........               (no amulet)
                                y - ring of poison resistance
                                K - +5 ring of evasion

@: non-regenerating
A: damage resistance, recharge devices, agile 1, negative energy resistance 1,
sense surroundings 3, slow regeneration 3
a: Device Recharging, Berserk, Trog's Hand, Brothers in Arms, Burn Spellbooks,
Renounce Religion
}: 2/15 runes: serpentine, barnacled


You were on level 1 of the Depths.
You worshipped Trog.
Trog was extremely pleased with you.
You were not hungry.

You visited 8 branches of the dungeon, and saw 34 of its levels.
You also visited: Labyrinth, Ossuary, Ice Cave and Volcano.

You collected 3215 gold pieces.
You spent 1626 gold pieces at shops.

Inventory:

Hand Weapons
 a - the +10 broad axe of Paper (weapon) {elec, rC+}
   (You found it on level 13 of the Dungeon)

   Occasionally, upon striking a foe, it will discharge some electrical energy
   and cause terrible harm.
   It protects you from cold.
 b - a +6 fustibalus of velocity
 c - a +1 flail of holy wrath
 e - a +0 battleaxe of flaming
 u - a +1 executioner's axe of draining
 w - a +6 antimagic battleaxe
Missiles
 d - 8 poisoned tomahawks
 z - 15 silver javelins
 C - 41 javelins of returning (quivered)
 M - 365 sling bullets
Armour
 h - a +0 pair of gloves (worn)
 m - a +0 shield of reflection (worn)
 x - the +0 pair of boots of the Slightly Bent (worn) {rElec SInv}
   (You found it on level 4 of the Dungeon)

   It insulates you from electricity.
   It lets you see invisible.
 A - the +2 helmet of Inviolability (worn) {MR+ rCorr Int+3}
   (You found it in a volcano)

   It affects your intelligence (+3).
   It affects your resistance to hostile enchantments.
   It protects you from acid and corrosion.
 J - a +2 cloak (worn)
 O - a +2 plate armour of fire resistance (worn)
Rods
 B - a +4 iron rod (10/10)
   (You found it on level 4 of the Shoals)
Jewellery
 y - a ring of poison resistance (right hand)
 K - a +5 ring of evasion (left hand)
 S - an uncursed ring of protection from magic
 X - an uncursed ring of positive energy
Wands
 g - a wand of paralysis (11/24)
 l - a wand of lightning (7/15)
 t - a wand of heal wounds (5/9)
 D - a wand of iceblast (2/15)
 Q - a wand of acid (7/15)
 W - a wand of digging (3/24)
Scrolls
 j - 2 scrolls of magic mapping
 k - a scroll of holy word
 n - 4 scrolls of fog
 s - 4 scrolls of remove curse
 v - a scroll of recharging
 I - a scroll of blinking
 L - 2 scrolls of teleportation
 R - 9 scrolls of identify
 T - 2 scrolls of fear
 Y - a scroll of summoning
Potions
 f - 3 potions of agility
 q - 11 potions of curing
 r - a potion of flight
 F - a potion of haste
 H - a potion of cancellation
 P - 3 potions of cure mutation
 U - 3 potions of invisibility
 V - 3 potions of might
Miscellaneous
 N - a phial of floods
 Z - a phantom mirror
Comestibles
 i - 5 chunks of flesh
 o - 18 bread rations
 p - 6 meat rations
 G - 41 fruits


   Skills:
 + Level 14.3 Fighting
 + Level 23.0 Axes
 + Level 9.8(10.5) Slings
 - Level 5.0(7.3) Throwing
 + Level 16.6 Armour
 - Level 9.2 Dodging
 + Level 8.6 Shields
 - Level 10.4 Evocations


You had 17 spell levels left.
You didn't know any spells.

Dungeon Overview and Level Annotations

Branches:
Dungeon (15/15)            Temple (0/1) D:6            Lair (6/6) D:9
 Shoals (4/4) Lair:2        Snake (4/4) Lair:2        Slime (1/5) Lair:6
    Orc (2/2) D:9             Elf (1/3) Orc:2        Vaults (0/5) D:14
 Depths (1/5) D:15

Altars:
Cheibriados
Dithmenos
Elyvilon
Gozag
Kikubaaqudgha
Okawaru
Qazlal
Ru
Sif Muna
Uskayaw
Vehumet
Zin
Beogh
Jiyva
Lugonu

Shops:
D:10 :   D:15 ?   Orc:2 ?}[}

Annotations:
D:9 exclusions: 2 iron imps, rust devil and 1 more exclusion


Innate Abilities, Weirdness & Mutations

You are resistant to damage.
You can recharge devices by infusing magical energy.
You resist negative energy. (rN+)
You passively map a large area around you.
You do not regenerate.
You are agile. (Dex +2)


Message History

The hellion is moderately wounded.
The hellion gestures at you.
The sphere of damnation explodes!
The damnation engulfs you!
* * * LOW HITPOINT WARNING * * *
The damnation engulfs the hellion.
The hellion completely resists.
Evoke which item? (* to show all) (? for menu, Esc to quit)
Zapping:
t - a wand of heal wounds (1/9)
Press: ? - help, Shift-Dir - straight line, f - you You feel much better.
This wand has 0 charges left.
The hellion gives a hideous shriek!
The hellion barely misses you.
An ufetubus comes into view.
Charge which item? (? for menu, Esc to quit)
As you read the scroll of recharging, it crumbles to dust.
Your wand of heal wounds (0/9) glows for a moment and now has 5 charges.
The ufetubus shouts!
You block the hellion's attack. The hellion gestures at you.
The sphere of damnation explodes!
The damnation engulfs you!
You die...

≈.##.##.# *.## *,, *, *
*, ≈.##.##.# , .5# ..## *
,** * ≈###'##.# * #5#
...., , * ≈.......# * #.#
....., ≈.......# , ###5#
..... ≈.......#
,##.#(#...... ,
≈.......#, ##..#.#......
**
≈.......####...#'....(..
,
≈....)..........@2((((..*
,,
.......########[........
, .####### ##########* ##
#


You could see a hellion, an iron imp, a crimson imp and an ufetubus.

Vanquished Creatures
  Vashnia (Snake:4)
  A tengu reaver (Depths:1)
  Gastronok (Lair:1)
  Donald (Snake:2)
  Ilsuiw (Shoals:4)
  9 nagarajas
  The ghost of PrincessPwny the Peltast, a journeyman MiFi of Cheibriados (Orc:2)
  2 frost giants
  Aizul (Snake:4)
  An orc warlord (Orc:1)
  3 very ugly things (Depths:1)
  A stone giant (Depths:1)
  A minotaur (Lab)
  An ettin (Orc:1)
  5 merfolk javelineers
  Josephine (Lair:6)
  5 merfolk impalers
  Erolcha (D:11)
  5 vault guards (D:14)
  A catoblepas (D:13)
  3 hydras
  19 naga warriors
  Harold (D:11)
  8 anacondas
  2 merfolk avatars
  A death knight (D:14)
  2 satyrs
  An alligator snapping turtle (Shoals:1)
  A dancing weapon (Volcano)
  2 merfolk aquamancers (Shoals:4)
  2 ogre magi
  2 deep troll earth magi (Depths:1)
  2 tengu warriors
  22 naga sharpshooters
  A shock serpent (Snake:2)
  A deep elf knight (D:14)
  2 salamander mystics
  2 sixfirhies (Depths:1)
  2 unseen horrors
  11 sea snakes
  A glowing orange brain (D:15)
  3 deep trolls (Depths:1)
  An orange crystal statue (Shoals:1)
  6 hill giants
  5 naga ritualists
  5 wizards (Volcano)
  A deep elf archer (Elf:1)
  9 harpies (Shoals:1)
  8 deep elf magi
  3 orc knights
  13 orc sorcerers
  An orb spider (Lair:4)
  14 ugly things
  9 manticores
  13 mana vipers
  An oklob plant (Lair:4)
  5 fauns
  2 cyclopes
  Maurice (Orc:2)
  A cyclops (shapeshifter) (D:15)
  An elephant (D:9)
  7 salamanders
  5 toenail golems (Volcano)
  25 naga magi
  6 guardian serpents
  A black mamba (shapeshifter) (D:15)
  A gargoyle (D:11)
  6 sirens
  An ice statue (IceCv)
  36 black mambas
  4 water nymphs
  7 spiny frogs
  A torpor snail (Lair:5)
  Joseph (D:9)
  2 rime drakes
  3 freezing wraiths
  2 ice devils (Lair:1)
  10 komodo dragons
  A red devil (D:9)
  An efreet (D:15)
  A minotaur zombie (Lab)
  16 merfolk
  23 polar bears
  A tengu conjurer (D:14)
  9 trolls
  5 hornets
  6 wind drakes
  Prince Ribbit (D:8)
  13 hippogriffs
  2 two-headed ogres
  6 snapping turtles
  12 blink frogs
  21 dream sheep
  5 slime creatures (D:15)
  Sigmund (D:4)
  15 spriggans
  A vampire (D:11)
  2 redbacks
  A water elemental (Shoals:1)
  44 yaks
  3 wyverns
  2 basilisks
  8 wraiths
  A tarantella (shapeshifter) (D:15)
  A neqoxec (Depths:1)
  A human (D:14)
  The ghost of abeheron the Grave Robber, an amateur DDNe (D:5)
  A chaos spawn (Depths:1)
  A hungry ghost (D:7)
  3 vampire mosquitoes (D:12)
  A warg (Orc:2)
  Menkaure (Ossuary)
  2 soldier ants
  54 nagas
  13 water moccasins
  10 porcupines
  39 orc warriors
  3 ice beasts
  7 sky beasts
  6 black bears
  An eye of draining (D:13)
  3 boggarts (Lair:6)
  2 phantoms
  2 necrophages
  19 ogres
  6 centaurs
  36 wolves
  9 crocodiles
  3 big kobolds (D:9)
  19 bullfrogs
  A wyvern zombie (D:15)
  4 gnoll sergeants
  A scorpion (shapeshifter) (Orc:2)
  3 scorpions
  The ghost of littleindian the Shooter, a weakling TrHu (D:3)
  A water moccasin skeleton (D:7)
  19 killer bees
  3 howler monkeys
  A troll skeleton (Lab)
  15 wights
  3 electric eels
  8 centaur zombies
  5 crimson imps
  A bullfrog zombie (D:13)
  8 hounds
  6 jellies
  42 orc wizards
  2 quasits
  6 centaur skeletons
  A human zombie (Ossuary)
  24 orc priests
  A bullfrog skeleton (D:13)
  4 iguanas
  Terence (D:2)
  7 hell rats (Lair:6)
  7 worker ants
  A killer bee zombie (D:6)
  An ogre zombie (Ossuary)
  An ogre skeleton (Lab)
  6 mummies (Ossuary)
  Robin (D:4)
  A worker ant zombie (D:8)
  16 gnolls
  21 adders
  3 shadow imps
  An ufetubus (Depths:1)
  An ooze (D:3)
  3 adder zombies (Ossuary)
  A worm (D:4)
  2 dart slugs
  7 leopard geckos
  120 orcs
  6 giant cockroaches
  A gnoll zombie (Ossuary)
  24 goblins
  10 hobgoblins
  17 jackals
  11 kobolds
  6 quokkas
  2 ball pythons
  8 bats
  6 frilled lizards
  4 goblin zombies (Ossuary)
  2 hobgoblin zombies (Ossuary)
  4 kobold zombies (Ossuary)
  2 leopard gecko zombies (D:6)
  5 quokka zombies
  4 rats
  6 rat zombies (Ossuary)
  3 fungi
  5 plants
1283 creatures vanquished.

Vanquished Creatures (others)
  A naga warrior (Snake:1)
  A satyr (Shoals:1)
  A yak (Lair:4)
  A naga (Snake:1)
  An orc wizard (Orc:2)
  An orc (Orc:1)
  A quokka (D:13)
  13 fungi
  37 plants
57 creatures vanquished.

Grand Total: 1340 creatures vanquished

Notes
Turn   | Place    | Note
-------+----------+-------------------------------------------
     0 | D:1      | AlphabetPasta the Deep Dwarf Berserker began the quest for the Orb.
     0 | D:1      | Reached XP level 1. HP: 20/20 MP: 1/1
    99 | D:1      | Reached XP level 2. HP: 18/27 MP: 2/2
   726 | D:1      | Reached ** piety under Trog
   738 | D:1      | Reached XP level 3. HP: 15/33 MP: 3/3
   746 | D:1      | Reached skill level 4 in Axes
  1089 | D:2      | Found a shadowy altar of Dithmenos.
  1165 | D:2      | Noticed Terence
  1171 | D:2      | Killed Terence
  1171 | D:2      | Reached XP level 4. HP: 42/42 MP: 4/4
  1428 | D:3      | Noticed littleindian's ghost (weakling TrHu)
  1520 | D:3      | Killed littleindian's ghost
  1520 | D:3      | Reached XP level 5. HP: 42/49 MP: 5/5
  1523 | D:3      | Reached skill level 1 in Evocations
  1950 | D:4      | Reached skill level 5 in Axes
  2110 | D:4      | Noticed Sigmund
  2130 | D:4      | Killed Sigmund
  2130 | D:4      | Reached skill level 1 in Throwing
  2130 | D:4      | Reached XP level 6. HP: 50/57 MP: 6/6
  2311 | D:4      | Got a slimy leather armour
  2332 | D:4      | Identified the +0 leather armour of Pride {Dex+2} (You took it off an orc on level 4 of the Dungeon)
  2420 | D:4      | Got a pair of twisted boots
  2431 | D:4      | Identified the +0 pair of boots of the Slightly Bent {rElec SInv} (You found it on level 4 of the Dungeon)
  2595 | D:4      | Found a sacrificial altar of Ru.
  2602 | D:4      | Found a shadowy altar of Dithmenos.
  2664 | D:4      | Reached *** piety under Trog
  2798 | D:4      | Noticed Robin
  2809 | D:4      | Reached skill level 6 in Axes
  2811 | D:4      | Killed Robin
  3295 | D:5      | Entered Level 5 of the Dungeon
  3437 | D:5      | Found a snail-covered altar of Cheibriados.
  3512 | D:5      | Reached XP level 7. HP: 52/64 MP: 8/8
  3676 | D:5      | Reached skill level 1 in Slings
  3733 | D:5      | Noticed abeheron's ghost (amateur DDNe)
  3752 | D:5      | Killed abeheron's ghost
  3909 | D:5      | Reached skill level 7 in Axes
  4180 | D:6      | Reached XP level 8. HP: 38/73 MP: 8/10
  4197 | D:6      | Reached skill level 5 in Armour
  4259 | D:6      | Found a sand-covered staircase.
  4269 | Ossuary  | Entered an ossuary
  4484 | Ossuary  | Reached **** piety under Trog
  4808 | Ossuary  | Noticed Menkaure
  4815 | Ossuary  | Killed Menkaure
  4815 | Ossuary  | Reached skill level 5 in Fighting
  4815 | Ossuary  | Reached skill level 8 in Axes
  4865 | D:6      | Identified a scroll of acquirement
  5001 | D:6      | Got a pair of ancient gloves
  5007 | D:6      | Identified the +2 pair of gloves "Vantex" {rC- rCorr Str+2} (You acquired it on level 6 of the Dungeon)
  5123 | D:6      | Gained mutation: You passively map the area around you. [Deep Dwarf growth]
  5123 | D:6      | Reached XP level 9. HP: 58/81 MP: 11/11
  5124 | D:6      | Reached skill level 9 in Axes
  5367 | D:6      | Found a staircase to the Ecumenical Temple.
  5614 | D:6      | Found a glowing silver altar of Zin.
  5630 | D:6      | Found an iron altar of Okawaru.
  5634 | D:6      | Found a deep blue altar of Sif Muna.
  5815 | D:7      | Found an opulent altar of Gozag.
  5870 | D:7      | Found a white marble altar of Elyvilon.
  6571 | D:7      | Reached skill level 10 in Axes
  7185 | D:7      | Reached XP level 10. HP: 35/92 MP: 13/13
  7278 | D:8      | Noticed Prince Ribbit
  7287 | D:8      | Reached ***** piety under Trog
  7295 | D:8      | Killed Prince Ribbit
  8037 | D:9      | Noticed a rust devil
  8043 | D:9      | Noticed a hell beast
  8044 | D:9      | Found a corrupted altar of Lugonu.
  8053 | D:9      | Noticed Joseph
  8167 | D:9      | Found a stormy altar of Qazlal.
  8167 | D:9      | Found a hide-covered altar of Uskayaw.
  8203 | D:9      | Reached skill level 11 in Axes
  8203 | D:9      | Reached skill level 5 in Evocations
  8505 | D:9      | Received a gift from Trog
  8554 | D:9      | Received a gift from Trog
  8570 | D:9      | Killed Joseph
  8571 | D:9      | Found a staircase to the Orcish Mines.
  8761 | D:9      | Noticed an elephant
  8773 | D:9      | Killed an elephant
  8773 | D:9      | Reached skill level 12 in Axes
  8773 | D:9      | Reached XP level 11. HP: 93/100 MP: 15/15
  8812 | D:9      | Found a staircase to the Lair.
  9208 | D:10     | Entered Level 10 of the Dungeon
  9897 | D:10     | Noticed a hill giant
  9910 | D:10     | Killed a hill giant
  9962 | D:10     | Noticed an unseen horror
  9974 | D:10     | Killed an unseen horror
 10044 | D:10     | Found Giconk's Book Shoppe.
 10256 | D:11     | Noticed a hill giant
 10269 | D:11     | Killed a hill giant
 10400 | D:11     | Reached skill level 5 in Dodging
 10537 | D:11     | Noticed a hill giant
 10547 | D:11     | Killed a hill giant
 10547 | D:11     | Reached skill level 13 in Axes
 10754 | D:11     | Noticed Erolcha
 10761 | D:11     | Killed Erolcha
 10761 | D:11     | Reached skill level 5 in Slings
 10965 | D:11     | Noticed an orc knight
 10970 | D:11     | Found a roughly hewn altar of Beogh.
 10983 | D:11     | Reached XP level 12. HP: 64/112 MP: 16/16
 10987 | D:11     | Received a gift from Trog
 10987 | D:11     | Reached skill level 10 in Armour
 11508 | D:11     | Noticed Harold
 11530 | D:11     | Killed Harold
 11746 | D:12     | Found a labyrinth entrance.
 11798 | Lab      | Entered a labyrinth
 12107 | Lab      | Noticed a minotaur
 12114 | Lab      | Killed a minotaur
 12114 | Lab      | Reached skill level 14 in Axes
 12120 | Lab      | Got a faintly humming scale mail
 12221 | D:12     | Identified the +3 scale mail of Greed {+Blink} (You found it in a labyrinth)
 13232 | Lair:1   | Entered Level 1 of the Lair of Beasts
 13387 | Lair:1   | Found a frozen archway.
 13430 | IceCv    | Entered an ice cave
 13458 | IceCv    | Reached skill level 15 in Axes
 13470 | IceCv    | Reached XP level 13. HP: 60/121 MP: 6/19
 13790 | IceCv    | Noticed a frost giant
 13811 | IceCv    | Killed a frost giant
 13813 | IceCv    | Received a gift from Trog
 13883 | IceCv    | Got an ancient great mace
 13907 | IceCv    | Identified the +9 great mace of Incongruity {protect, *Contam *Noise MP+9 SInv} (You found it in an ice cave)
 14191 | Lair:1   | Noticed Gastronok
 14210 | Lair:1   | Killed Gastronok
 14216 | Lair:1   | Gained mutation: You are agile. (Dex +2) [potion of beneficial mutation]
 14576 | Lair:1   | Reached skill level 10 in Fighting
 15404 | Lair:2   | Reached skill level 16 in Axes
 15577 | Lair:2   | Found a staircase to the Snake Pit.
 15826 | Lair:2   | Found a staircase to the Shoals.
 17025 | Lair:4   | Found a dark tunnel.
 17034 | Volcano  | Entered a volcano
 17091 | Volcano  | Received a gift from Trog
 17160 | Volcano  | Gained mutation: You resist negative energy. (rN+) [Deep Dwarf growth]
 17160 | Volcano  | Reached XP level 14. HP: 80/132 MP: 6/20
 17191 | Volcano  | Got a brightly glowing helmet
 17192 | Volcano  | Identified the +2 helmet of Inviolability {MR+ rCorr Int+3} (You found it in a volcano)
 17443 | D:10     | Bought a manual of Axes for 1214 gold pieces
 17974 | Lair:4   | Found a shadowy altar of Dithmenos.
 18336 | Lair:5   | Reached skill level 17 in Axes
 19203 | Lair:6   | Entered Level 6 of the Lair of Beasts
 19248 | Lair:6   | Noticed Josephine
 19256 | Lair:6   | Received a gift from Trog
 19262 | Lair:6   | Killed Josephine
 19578 | Lair:6   | Reached skill level 18 in Axes
 19632 | Lair:6   | Received a gift from Trog
 20036 | Lair:6   | Found a staircase to the Slime Pits.
 20037 | Lair:6   | Found a viscous altar of Jiyva.
 20545 | Slime:1  | Entered Level 1 of the Pits of Slime
 20663 | Orc:1    | Entered Level 1 of the Orcish Mines
 20665 | Orc:1    | Noticed an orc warlord
 20669 | Orc:1    | Received a gift from Trog
 20682 | Orc:1    | Killed an orc warlord
 20684 | Orc:1    | Reached XP level 15. HP: 112/142 MP: 7/21
 20864 | Orc:2    | Entered Level 2 of the Orcish Mines
 20879 | Orc:2    | Reached ****** piety under Trog
 20880 | Orc:2    | Noticed PrincessPwny's ghost (journeyman MiFi)
 20913 | Orc:2    | Killed PrincessPwny's ghost
 20965 | Orc:2    | Found a roughly hewn altar of Beogh.
 21050 | Orc:1    | Received a gift from Trog
 21062 | Orc:1    | Found a roughly hewn altar of Beogh.
 21162 | Orc:1    | Reached skill level 19 in Axes
 21287 | Orc:1    | Received a gift from Trog
 21601 | Orc:2    | Found Qemu's Magic Scroll Boutique.
 21618 | Orc:2    | Bought 2 scrolls of brand weapon for 400 gold pieces
 21635 | Orc:2    | Found an ancient bone altar of Kikubaaqudgha.
 21667 | Orc:2    | Found Omikh's Antique Armour Shop.
 21705 | Orc:2    | Found a radiant altar of Vehumet.
 21745 | Orc:2    | Found a roughly hewn altar of Beogh.
 21745 | Orc:2    | Found Myhuasse's Gadget Shop.
 21846 | Orc:2    | Found Zontysee's Gadget Shop.
 21912 | Orc:2    | Found a staircase to the Elven Halls.
 21931 | Orc:2    | Noticed Maurice
 21950 | Orc:2    | Killed Maurice
 21950 | Orc:2    | Received a gift from Trog
 22401 | D:13     | Got a scorched broad axe
 22402 | D:13     | Identified the +10 broad axe of Paper {elec, rC+} (You found it on level 13 of the Dungeon)
 22434 | D:13     | Received a gift from Trog
 22905 | D:13     | Found a white marble altar of Elyvilon.
 23087 | D:14     | Reached skill level 20 in Axes
 23093 | D:14     | Reached skill level 5 in Throwing
 23664 | D:14     | Found a gate to the Vaults.
 23756 | D:15     | Entered Level 15 of the Dungeon
 23763 | D:15     | Found Dikkossu's Magic Scroll Shoppe.
 23776 | D:15     | Received a gift from Trog
 23789 | D:15     | Bought a scroll of random uselessness for 12 gold pieces
 24434 | D:15     | Reached skill level 10 in Evocations
 24486 | D:15     | Received a gift from Trog
 24506 | D:15     | Identified the +10 hunting sling of Atheism {freeze, rC+ rN+ Int+3} (Trog gifted it to you on level 15 of the Dungeon)
 24576 | D:15     | Found a staircase to the Depths.
 25439 | Elf:1    | Entered Level 1 of the Elven Halls
 25464 | Elf:1    | Reached skill level 21 in Axes
 25550 | Elf:1    | Reached XP level 16. HP: 85/152 MP: 23/23
 25737 | Snake:1  | Entered Level 1 of the Snake Pit
 26211 | Snake:1  | Received a gift from Trog
 26639 | Snake:2  | Received a gift from Trog
 26940 | Snake:2  | Noticed Donald
 26944 | Snake:2  | Killed Donald
 27474 | Snake:3  | Reached skill level 1 in Shields
 27542 | Snake:3  | Reached skill level 15 in Armour
 28302 | Snake:3  | Reached skill level 22 in Axes
 28359 | Snake:3  | Reached XP level 17. HP: 57/163 MP: 24/24
 28608 | Snake:4  | Entered Level 4 of the Snake Pit
 28659 | Snake:4  | Noticed Vashnia
 28669 | Snake:4  | Killed Vashnia
 29043 | Snake:4  | Received a gift from Trog
 29276 | Snake:4  | Received a gift from Trog
 29285 | Snake:4  | Reached skill level 5 in Shields
 29630 | Snake:4  | Noticed Aizul
 29643 | Snake:4  | Killed Aizul
 29654 | Snake:4  | Received a gift from Trog
 29868 | Snake:4  | Got a serpentine rune of Zot
 30070 | Shoals:1 | Entered Level 1 of the Shoals
 30278 | Shoals:1 | Gained mutation: You passively map a large area around you. [Deep Dwarf growth]
 30278 | Shoals:1 | Reached XP level 18. HP: 102/174 MP: 25/25
 30520 | Shoals:1 | Received a gift from Trog
 31470 | Shoals:4 | Entered Level 4 of the Shoals
 31678 | Shoals:4 | Noticed Ilsuiw
 31706 | Shoals:4 | Killed Ilsuiw
 31768 | Shoals:4 | Received a gift from Trog
 31921 | Shoals:4 | Got a barnacled rune of Zot
 32280 | Depths:1 | Entered Level 1 of the Depths
 32613 | Depths:1 | Reached skill level 23 in Axes
 32627 | Depths:1 | Killed from afar by a hellion

Skill      XL: |  1  2  3  4  5  6  7  8  9 10 11 12 13 14 15 16 17 18 |
---------------+-------------------------------------------------------+-----
Axes           | 4 5 6 7 8 10 12 13 15 16 18 21 22 23 | 23.0
Fighting       | 3 4 5 6 7 8 9 10 11 12 13 14 | 14.3
Dodging        | 3 4 5 6 7 8 9 |  9.2
Armour         | 3 4 6 7 8 9 11 12 13 14 15 16 | 16.6
Evocations     | 1 2 3 4 5 6 8 9 10 | 10.4
Throwing       | 1 3 4 5 |  5.0
Slings         | 2 3 4 5 6 7 8 9 |  9.8
Shields        | 3 6 8 |  8.6

Action                   |  1- 3 |  4- 6 |  7- 9 | 10-12 | 13-15 | 16-18 || total
-------------------------+-------+-------+-------+-------+-------+-------++-------
Melee: Hand axe          |   126 |   208 |   554 |   108 |       |       ||   996
       War axe           |       |       |       |   413 |       |       ||   413
       Flail             |       |       |       |    32 |       |       ||    32
       Battleaxe         |       |       |       |   191 |   932 |     4 ||  1127
       Broad axe         |       |       |       |       |   100 |   826 ||   926
 Fire: Hunting sling     |       |     5 |    74 |    67 |    52 |       ||   198
       Fustibalus        |       |       |       |   208 |   544 |   498 ||  1250
Throw: Stone             |       |       |     1 |     7 |       |       ||     8
       Javelin           |       |       |       |    15 |     3 |    46 ||    64
       Tomahawk          |       |       |       |     4 |    11 |     8 ||    23
Invok: Berserk           |     3 |     7 |    12 |    21 |     9 |    12 ||    64
       Trog's Hand       |     1 |     3 |     5 |    17 |    22 |    30 ||    78
Evoke: Wand              |       |       |     4 |    15 |     6 |    15 ||    40
  Use: Scroll            |     2 |     6 |    10 |    17 |    19 |     8 ||    62
       Potion            |       |       |       |     3 |    16 |     9 ||    28
 Stab: Confused          |       |       |       |     2 |       |       ||     2
       Paralysed         |       |       |       |     2 |     1 |       ||     3
       Petrified         |       |       |       |       |     5 |       ||     5
       Invisible         |       |       |       |       |     1 |       ||     1
  Eat: Chunk             |     4 |    15 |    14 |    32 |    50 |    23 ||   138
       Meat ration       |       |       |     1 |     2 |       |     3 ||     6
       Beef jerky        |       |       |     1 |       |     3 |     6 ||    10
       Bread ration      |       |       |     1 |     1 |       |       ||     2
       Pizza             |       |       |       |     1 |     2 |       ||     3
       Royal jelly       |       |       |       |       |       |     1 ||     1
Armor: Animal skin       |    15 |       |       |       |       |       ||    15
       Scale mail        |    20 |    84 |    88 |       |       |       ||   192
       Chain mail        |       |       |    93 |       |       |       ||    93
       Plate armour      |       |       |     3 |   443 |   510 |   442 ||  1398
Dodge: Dodged            |    82 |   118 |   223 |   391 |   785 |   528 ||  2127
Block: Shield            |       |       |       |       |       |   405 ||   405
       Reflection        |       |       |       |       |       |    76 ||    76
